 Dungeon Crawl Stone Soup version 0.30-a0-1163-gf69bf04e7a (webtiles) character file.

Game seed: 14661884672832142279

858 Demosthentine the Ducker (level 7, 0/55 HPs)
             Began as a Demonspawn Gladiator on Apr 28, 2023.
             Slain by an ice beast (9 damage)
             ... on level 5 of the Dungeon.
             The game lasted 00:05:45 (3578 turns).

Demosthentine the Ducker (Demonspawn Gladiator)     Turns: 3578, Time: 00:05:45

Health: 0/55       AC:  4    Str: 17    XL:     7   Next: 71%
Magic:  7/7        EV: 16    Int:  9    God:
Gold:   183        SH:  0    Dex: 14    Spells: 6/6 levels left

rFire   . . .        a - +0 trident
rCold   . . .        (no shield)
rNeg    . . .        b - +0 leather armour
rPois   .            c - +0 helmet
rElec   .            (no cloak)
rCorr   .            (no gloves)
SInv    .            (no boots)
Will    .....        j - amulet of regeneration
Stlth   +            (no ring)
HPRegen 1.09/turn    (no ring)
MPRegen 0.10/turn

%: no passive effects
@: no status effects
A: repulsion field 2, demonic guardian 1, powered by death 2
a: no special abilities


You were on level 5 of the Dungeon.
You visited 1 branch of the dungeon, and saw 5 of its levels.

You collected 183 gold pieces.

Inventory:

Hand Weapons
 a - a +0 trident (weapon)
Missiles
 e - a javelin (quivered)
 p - 5 boomerangs
 s - 6 curare-tipped darts
 t - 6 poisoned darts
 u - 6 datura-tipped darts
Armour
 b - a +0 leather armour (worn)
 c - a +0 helmet (worn)
Jewellery
 j - an amulet of regeneration (around neck)
Wands
 n - a wand of flame (8)
 r - a wand of light (13)
Scrolls
 d - a scroll of enchant weapon {unknown}
 l - 2 scrolls of teleportation
Potions
 f - a potion of brilliance
 g - a potion of might
 h - a potion of flight
 k - a potion of heal wounds
 q - 2 potions of resistance {unknown}


   Skills:
 + Level 4.6 Fighting
 + Level 4.8 Polearms
 - Level 1.7 Throwing
 + Level 3.7 Armour
 + Level 4.8 Dodging


You had 6 spell levels left.
You didn't know any spells.
Your spell library contained the following spells:

 Spells                   Type           Power      Damage    Failure   Level
 Necrotise                Necr           0%         1d4       43%         1
 Sandblast                Erth           0%         2d4       43%         1
 Shock                    Conj/Air       0%         1d3       43%         1
 Slow                     Hex            0%         N/A       43%         1
 Summon Small Mammal      Summ           0%         N/A       43%         1
 Passwall                 Tmut/Erth      0%         N/A       58%         2
 Call Canine Familiar     Summ           0%         N/A       82%         3
 Confusing Touch          Hex            0%         N/A       82%         3
 Hailstorm                Conj/Ice       0%         3d3       82%         3
 Stone Arrow              Conj/Erth      0%         3d7       82%         3
 Summon Guardian Golem    Hex/Summ       0%         N/A       82%         3
 Swiftness                Air            0%         N/A       82%         3
 Vampiric Draining        Necr           0%         2d6       82%         3
 Airstrike                Air            0%         2d(0-16)  99%         4
 Ice Form                 Ice/Tmut       0%         N/A       99%         4
 Agony                    Necr           0%         N/A       100%        5
 Simulacrum               Ice/Necr       0%         N/A       100%        6


Dungeon Overview and Level Annotations

Branches:
Dungeon (5/15)
 Temple: D:4-7

Altars:
Dithmenos
Nemelex Xobeh
Qazlal
Trog
Vehumet


Innate Abilities, Weirdness & Mutations

You are surrounded by a moderate repulsion field. (EV +3)
A weak demonic guardian rushes to your aid.
You regenerate health from kills.


Message History

Unknown command.
You closely miss the hound.
The hound is severely wounded.
The hound misses you. The hound closely misses you. The ice beast hits you.
The ice beast freezes you.
You barely miss the hound.
The hound is severely wounded.
The hound misses you. The ice beast hits you. The ice beast freezes you!
The hound stops to sniff the ground.
The hound closely misses you.
You barely miss the hound.
The hound is severely wounded.
The hound completely misses you. The ice beast closely misses you.
Unknown command.
You closely miss the hound.
The hound is severely wounded.
The hound closely misses you. The ice beast misses you.
The hound closely misses you.
You closely miss the hound.
The hound is severely wounded.
The hound misses you. The ice beast hits you. The ice beast freezes you!
The hound bites you.
Unknown command.
Unknown command.
You are too injured to fight recklessly!
Unknown command.
You are too injured to fight recklessly!
Unknown command.
You are too injured to fight recklessly!
You are too injured to fight recklessly!
The ice beast hits you. The ice beast freezes you!
* * * LOW HITPOINT WARNING * * *
Unknown command.
The hound bites you.
* * * LOW HITPOINT WARNING * * *
Unknown command.
The ice beast hits you.
* * * LOW HITPOINT WARNING * * *
A demonic guardian appears!
The ice beast freezes you!
You die...

##...#####..[# ##.<......
... ##.......## ...
#.........###.#
#...........#.#
####.......(.#.#.#
#.............5.[##.#.
#.###.......##hY........
#.# ##.....###@........[
#.# ##...## #.####.#.##
#.# ##.## #.# .# # #.#
#.# #.# # #.# ##.# #.# #
#.# #..# #.# .#
###.#####.## #.# .#
#.........######.#####..#
#.#...##.............#..#
.


You could see an ice beast (ally target), a hound and a friendly iron imp
(summoned).

Vanquished Creatures
  Duvessa (D:5)
  An ogre (D:5)
  Dowan (D:5)
  3 hounds
  An orc priest (D:3)
  2 iguanas
  3 sleepcaps (D:5)
  Natasha (thrice) (D:4)
  An orc wizard (D:3)
  4 adders
  2 worms
  3 dart slugs
  5 orcs (D:3)
  10 ball pythons
  2 bats (D:2)
  8 endoplasms
  A giant cockroach (D:1)
  6 goblins
  6 hobgoblins
  9 jackals
  3 quokkas
  A frilled lizard (D:1)
  11 kobolds
  5 rats
92 creatures vanquished.

Vanquished Creatures (collateral kills)
  Pargi (D:3)
  An iguana (D:4)
  3 orcs (D:3)
  A hobgoblin (D:1)
6 creatures vanquished.

Grand Total: 98 creatures vanquished

Notes
Turn   | Place    | Note
-------+----------+-------------------------------------------
     0 | D:1      | Demosthentine the Demonspawn Gladiator began the quest for
                  | the Orb.
     0 | D:1      | Reached XP level 1. HP: 16/16 MP: 1/1
    86 | D:1      | Gained mutation: A weak demonic guardian rushes to your
                  | aid. [demonic ancestry]
    86 | D:1      | Reached XP level 2. HP: 22/22 MP: 2/2
   380 | D:1      | Reached skill level 1 in Armour
   432 | D:1      | Reached XP level 3. HP: 28/28 MP: 3/3
  1247 | D:3      | Gained mutation: You regenerate a little health from kills.
                  | [demonic ancestry]
  1247 | D:3      | Reached XP level 4. HP: 21/34 MP: 4/4
  1380 | D:3      | Found a shadowy altar of Dithmenos.
  1429 | D:3      | Gained mutation: You are surrounded by a mild repulsion
                  | field. (EV +2) [demonic ancestry]
  1429 | D:3      | Reached XP level 5. HP: 6/41 MP: 5/5
  1486 | D:3      | Found a bloodstained altar of Trog.
  1553 | D:3      | Noticed Pargi
  1572 | D:3      | Killed Pargi
  2090 | D:3      | Gained mutation: You are surrounded by a moderate repulsion
                  | field. (EV +3) [demonic ancestry]
  2090 | D:3      | Reached XP level 6. HP: 45/47 MP: 6/6
  2171 | D:4      | Found a stormy altar of Qazlal.
  2174 | D:4      | Found a sparkling altar of Nemelex Xobeh.
  2233 | D:4      | Noticed Natasha
  2237 | D:4      | Killed Natasha
  2339 | D:4      | Identified the +4 mace of Demonkind {protect, rF+ Will-
                  | Stlth+}
  2382 | D:4      | Noticed Natasha
  2394 | D:4      | Killed Natasha
  2922 | D:4      | Noticed Natasha
  2936 | D:4      | Killed Natasha
  3197 | D:5      | Entered Level 5 of the Dungeon
  3207 | D:5      | Gained mutation: You regenerate health from kills. [demonic
                  | ancestry]
  3207 | D:5      | Reached XP level 7. HP: 46/54 MP: 7/7
  3211 | D:5      | Found a radiant altar of Vehumet.
  3433 | D:5      | Noticed Dowan
  3463 | D:5      | Noticed Duvessa
  3480 | D:5      | Killed Duvessa
  3484 | D:5      | Killed Dowan
  3578 | D:5      | Slain by an ice beast

Illustrated notes

Levels and vault maps discovered:
D:1:      psy_arrival_fountain, layout_rooms, chequers_serial_rivers_large_b
D:2:      layout_loops_cross, minmay_cut_off
D:3:      layout_basic, mainiacjoe_overflow_paths,
          nicolae_overflow_crystal_walls, uniq_pargi
D:4:      minmay_general_purpose_star, layout_loops_ring, minitemple,
          uniq_natasha
D:5:      layout_loops_ring, lemuel_doored_altar, uniq_duvessa

Skill      XL: |  1  2  3  4  5  6 |
---------------+-------------------+-----
Polearms       | 3 4 |  4.8
Dodging        | 3 4 |  4.8
Armour         | 1 2 3 |  3.7
Fighting       | 3 4 |  4.6
Throwing       | |  1.7

Action                     |  1- 3 |  4- 6 |  7- 9 || total
---------------------------+-------+-------+-------++-------
  Melee: Trident           |   129 |   200 |    70 ||   399
         Punch             |       |       |     1 ||     1
  Throw: Throwing net      |       |     2 |     2 ||     4
    Use: Scroll            |     4 |     6 |       ||    10
         Potion            |       |     3 |       ||     3
   Stab: Sleeping          |     2 |     1 |       ||     3
         Distracted        |     1 |       |       ||     1
         Held in net/web   |       |     1 |     2 ||     3
 Armour: Leather armour    |    32 |    49 |     6 ||    87
         Skin              |       |    55 |       ||    55
  Dodge: Dodged            |    57 |   134 |    49 ||   240

Table legend: (Time is in decaauts)
 A = Elapsed time spent in this place.
 B = Non-inter-level travel time spent in this place.
 C = Inter-level travel time spent in this place.
 D = Time resting spent in this place.
 E = Time spent auto-exploring this place.
 F = Levels seen in this place.
 G = Mean time per level.
                   A        B        C        D        E       F      G
               +--------+--------+--------+--------+--------+-----+--------+
         Total |   3641 |   3459 |    182 |     32 |   2629 |   5 |  728.2 |
       Dungeon |   3641 |   3459 |    182 |     32 |   2629 |   5 |  728.2 |
               +--------+--------+--------+--------+--------+-----+--------+

Top non-repeatable levels by time:
     D:3: 1065 daAuts
     D:4: 988 daAuts
     D:2: 664 daAuts
     D:1: 536 daAuts
     D:5: 386 daAuts
